AoeStats
← krzyh88

Oasis

508295687Analyzed
4v4 RM · 10d ago on Sep 21, 2026· 59m 27s· 8 players
Game mode
Random Map
Map size
Large (8 player)
Population
200
Speed
Normal
Resources
Standard
Victory
Conquest
Starting age
Dark Age
Ending age
Imperial Age
RankedLock teamsTeams togetherTeam positionsShared explorationLock speedFull tech treeHidden civsTurbo modeCheats
Victory
Defeat
🇹🇷 Wu · Türkiye
701
+5
🇲🇽 Koreans · Mexico
649
+7
🇷🇺 Mongols · Russia
628
+6
🇩🇪 Hindustanis · Germany
627
+7
🇵🇱 Franks · Poland
439
-7
🇵🇱 Spanish · Poland
407
-6
🇵🇱 Byzantines · Poland
406
-6
🇵🇱 Italians · Poland
406
-6
heffenstinner
0:27 Loom
14:52 Feudal Age
19:53 Wheelbarrow
19:10 Horse Collar
19:18 Double-Bit Axe
25:20 Castle Age
26:24 Husbandry
26:27 Gold Mining
28:26 Bow Saw
30:15 Gold Shaft Mining
29:29 Town Watch
31:02 Fortified Wall
32:01 Hand Cart
36:25 Imperial Age
35:09 Stone Mining
35:23 Grand Trunk Road
36:29 Caravan
37:23 Town Patrol
39:01 Chemistry
40:49 Stone Shaft Mining
40:26 Scale Barding Armor
40:33 Forging
40:13 Fletching
40:23 Padded Archer Armor
40:24 Scale Mail Armor
40:23 Heavy Camel Rider
42:59 Imperial Camel Rider
46:20 Conscription
45:21 Elite Ghulam
47:47 Two-Man Saw
Ramizpaşa
7:07 Loom
12:50 Feudal Age
13:39 Arson
13:44 Double-Bit Axe
13:42 Horse Collar
23:17 Castle Age
21:38 Stone Mining
22:12 Gold Mining
26:37 Bow Saw
27:08 Heavy Plow
27:22 Squires
29:13 Fletching
33:57 Stone Shaft Mining
35:50 Red Cliffs Tactics
36:14 Ballistics
35:34 Treadmill Crane
36:05 Masonry
35:50 Murder Holes
36:01 Scale Mail Armor
37:35 Wheelbarrow
36:45 Town Watch
39:11 Gold Shaft Mining
38:55 Hand Cart
38:43 Caravan
39:14 Coinage
39:30 Town Patrol
43:35 Imperial Age
41:04 Bodkin Arrow
41:11 Padded Archer Armor
41:09 Guard Tower
40:57 Pikeman
41:47 Husbandry
43:23 Forging
43:29 Leather Archer Armor
43:30 Chain Mail Armor
43:21 Scale Barding Armor
45:49 Two-Man Saw
44:57 Bracer
45:33 Iron Casting
45:22 Conscription
46:32 Chemistry
46:23 Architecture
46:41 Heavy Hei Guang Cavalry
47:23 Sitting Tiger
47:58 Plate Mail Armor
47:47 Guilds
49:51 Blast Furnace
49:50 Banking
52:42 Elite Fire Archer
53:46 Chain Barding Armor
56:33 Heated Shot
57:18 Keep
56:39 Murder Holes
57:23 Plate Barding Armor
dcpromo26
0:51 Loom
13:22 Feudal Age
14:20 Town Watch
19:14 Horse Collar
19:28 Gold Mining
19:27 Double-Bit Axe
22:45 Castle Age
22:25 Wheelbarrow
22:00 Stone Mining
24:01 Heavy Plow
26:53 Fletching
29:03 Caravan
29:48 Murder Holes
30:15 Ballistics
30:32 Bodkin Arrow
32:43 Fortified Wall
33:36 Scale Barding Armor
33:43 Forging
33:33 Padded Archer Armor
37:45 Gold Shaft Mining
37:33 Bow Saw
37:40 Hand Cart
37:41 Masonry
37:33 Town Patrol
45:11 Imperial Age
43:24 Husbandry
43:34 Bloodlines
44:27 Thumb Ring
44:47 Chain Barding Armor
45:03 Iron Casting
44:43 Leather Archer Armor
46:40 Conscription
46:43 Drill
45:44 Elite Mangudai
47:02 Hoardings
48:31 Blast Furnace
47:31 Bracer
48:13 Parthian Tactics
59:17 Spies/Treason
davidquiroz302
1:17 Loom
10:19 Feudal Age
11:01 Double-Bit Axe
19:06 Castle Age
19:03 Gold Mining
19:12 Horse Collar
21:35 Heavy Plow
24:20 Bow Saw
25:41 Wheelbarrow
32:16 Imperial Age
30:56 Ballistics
31:27 Hand Cart
34:36 Two-Man Saw
33:39 Fletching
33:13 Elite Skirmisher
35:20 Conscription
35:39 Arson
35:55 Squires
35:40 Gambesons
36:26 Elite Fire Lancer
37:09 Scale Mail Armor
37:05 Bodkin Arrow
39:37 Gold Shaft Mining
38:59 Stone Mining
39:21 Masonry
38:52 Treadmill Crane
40:02 Light Cavalry
40:43 Husbandry
40:59 Forging
40:54 Scale Barding Armor
40:49 Bracer
41:16 Hussar
42:33 Iron Casting
41:38 Elite War Wagon
44:43 Architecture
44:28 Heavy Rocket Cart
45:39 Shinkichon
51:15 Murder Holes
51:25 Siege Engineers
52:23 Chemistry
51:08 Arrowslits
56:45 Caravan
przemorx
0:49 Loom
17:16 Feudal Age
21:34 Man-at-Arms
22:52 Scale Mail Armor
22:50 Double-Bit Axe
24:42 Forging
30:39 Castle Age
29:25 Padded Archer Armor
29:15 Fletching
31:50 Bow Saw
32:08 Pikeman
32:09 Long Swordsman
44:50 Imperial Age
42:06 Elite Skirmisher
45:54 Leather Archer Armor
45:35 Bodkin Arrow
46:30 Thumb Ring
49:49 Ring Archer Armor
51:03 Bracer
Mistrz Krzychu
5:11 Loom
19:31 Feudal Age
21:12 Double-Bit Axe
28:32 Castle Age
27:35 Forging
27:26 Scale Mail Armor
27:32 Scale Barding Armor
28:50 Wheelbarrow
29:56 Bow Saw
30:05 Squires
29:28 Pikeman
35:24 Stone Mining
41:20 Padded Archer Armor
41:13 Fletching
42:23 Elite Skirmisher
44:48 Leather Archer Armor
48:24 Imperial Age
48:35 Wheelbarrow
49:39 Conscription
krzyh88
2:28 Loom
12:01 Feudal Age
13:11 Double-Bit Axe
17:54 Horse Collar
18:43 Stone Mining
20:42 Scale Mail Armor
24:28 Castle Age
24:02 Wheelbarrow
25:56 Bow Saw
26:05 Chain Mail Armor
26:51 Pikeman
28:52 Gold Mining
29:47 Heavy Plow
30:37 Stone Shaft Mining
33:45 Fletching
34:05 Forging
37:09 Padded Archer Armor
37:05 Bodkin Arrow
37:45 Iron Casting
38:43 Leather Archer Armor
40:02 Devotion
43:37 Imperial Age
41:38 Masonry
41:24 Murder Holes
43:42 Elite Genoese Crossbowman
45:28 Chemistry
44:23 Guard Tower
44:45 Fortified Wall
45:16 Plate Mail Armor
44:48 Bracer
46:46 Hand Cart
47:35 Two-Man Saw
47:10 Crop Rotation
51:56 Bombard Tower
Der Ryba
0:44 Loom
16:45 Feudal Age
17:16 Horse Collar
17:25 Double-Bit Axe
18:19 Wheelbarrow
22:54 Stone Mining
26:13 Gold Mining
32:03 Castle Age
31:38 Forging
31:29 Padded Archer Armor
31:36 Scale Barding Armor
31:23 Fletching
31:33 Scale Mail Armor
33:10 Bow Saw
33:17 Heavy Plow
37:43 Hand Cart
38:07 Iron Casting
37:48 Leather Archer Armor
37:49 Chain Mail Armor
40:21 Caravan
41:28 Stone Shaft Mining
41:09 Fortified Wall
41:16 Husbandry
44:57 Imperial Age
44:52 Masonry
45:03 Ballistics
44:34 Guard Tower
44:52 Siphons
45:29 Cavalier
47:49 Blast Furnace
47:10 Chain Barding Armor
47:20 Ring Archer Armor
47:21 Plate Mail Armor
47:25 Architecture
47:56 Chemistry
46:33 Pikeman
47:14 Squires
49:06 Halberdier
Connection lost

Rejoining the realm…

Still unreachable

The connection could not be restored.

Session expired

The server has moved on; the page needs a fresh start.